 Dungeon Crawl Stone Soup version 0.27.1-33-g824d729ab1 (webtiles) character file.

Game seed: 7537425708479551628

662 DearestLeader the Twirler (level 7, -1/52 (56) HPs)
             Began as a Gnoll Wanderer on Dec 22, 2021.
             Was an Initiate of Okawaru.
             Slain by an orc warrior (6 damage)
             ... on level 6 of the Dungeon.
             The game lasted 00:06:49 (4950 turns).

DearestLeader the Twirler (Gnoll Wanderer)          Turns: 4950, Time: 00:06:50

HP:   -1/52 (56)    AC:  7    Str: 16    XL:     7   Next: 56%
MP:   10/10         EV: 10    Int: 10    God:    Okawaru [......]
Gold: 197           SH:  0    Dex: 10    Spells: 11/11 levels left

rFire    + + .     SeeInvis .   a - +2 quarterstaff
rCold    + + .     Faith    .   (shield currently unavailable)
rNeg     . . .     Spirit   .   j - +0 scale mail
rPois    .         Reflect  .   (no helmet)
rElec    .         Harm     .   l - scarf {rC+ rF+}
rCorr    .         Rampage  .   (no gloves)
Will     .....                  (no boots)
Stlth    +.........             (no amulet)
HPRegen  0.17/turn              v - ring of protection from fire
MPRegen  0.12/turn              B - ring of protection from cold

@: drained
A: fangs 1, strong nose, distributed training
a: Renounce Religion


You were on level 6 of the Dungeon.
You worshipped Okawaru.
Okawaru was noncommittal.
You visited 2 branches of the dungeon, and saw 7 of its levels.

You collected 197 gold pieces.

Inventory:

Hand Weapons
 a - a +2 quarterstaff (weapon)
 b - a +0 short sword
Missiles
 g - 36 poisoned darts (quivered)
 h - 32 bolts
 n - 5 arrows
Armour
 d - a +0 robe
 e - a +0 ring mail
 j - a +0 scale mail (worn)
 l - a scarf of resistance (worn)
Magical Staves
 A - a staff of earth
Jewellery
 v - a ring of protection from fire (left hand)
 x - an amulet of faith
 B - a ring of protection from cold (right hand)
Wands
 w - a wand of iceblast (12)
 y - a wand of flame (23)
Scrolls
 i - 6 scrolls of identify {unknown}
 m - 4 scrolls of teleportation {unknown}
 p - a scroll of enchant armour {unknown}
 s - a scroll of summoning {unknown}
 t - a scroll of noise {unknown}
 u - a scroll of enchant weapon {unknown}
 z - a scroll of blinking {unknown}
Potions
 c - a potion of lignification
 f - 2 potions of magic {unknown}
 k - a potion of berserk rage {unknown}
 o - a potion of curing {unknown}
 q - a potion of flight {unknown}
 r - 2 potions of haste {unknown}
 C - a potion of brilliance {unknown}


   Skills:
 + Level 5.3 Fighting
 + Level 2.5 Short Blades
 + Level 2.5 Long Blades
 + Level 2.5 Axes
 + Level 2.5 Maces & Flails
 + Level 2.5 Polearms
 + Level 7.1 Staves
 + Level 2.5 Slings
 + Level 3.7 Bows
 + Level 2.5 Crossbows
 + Level 3.7 Throwing
 + Level 3.7 Armour
 + Level 2.5 Dodging
 + Level 3.5 Stealth
 + Level 3.7 Shields
 + Level 2.5 Unarmed Combat
 + Level 2.5 Spellcasting
 + Level 2.1 Conjurations
 + Level 2.1 Hexes
 + Level 2.1 Summonings
 + Level 2.1 Necromancy
 + Level 2.1 Translocations
 + Level 2.1 Transmutations
 + Level 2.1 Fire Magic
 + Level 2.1 Ice Magic
 + Level 2.1 Air Magic
 + Level 2.1 Earth Magic
 + Level 2.1 Poison Magic
 + Level 2.8 Invocations
 + Level 2.5 Evocations


You had 11 spell levels left.
You didn't know any spells.
Your spell library contained the following spells:

 Spells                   Type           Power      Damage    Failure   Level
 Ensorcelled Hibernation  Hex/Ice        10%        N/A       54%         2
 Spider Form              Tmut/Pois      2%         N/A       77%         3
 Shadow Creatures         Summ           N/A        N/A       100%        6
 Chain Lightning          Conj/Air       2%         3d3       100%        9
 Fire Storm               Conj/Fire      2%         8d1       100%        9


Dungeon Overview and Level Annotations

Branches:
Dungeon (6/15)             Temple (1/1) D:5

Altars:
Ashenzari
Okawaru
Wu Jian
Xom


Innate Abilities, Weirdness & Mutations

You have very sharp teeth.
Your uncanny sense of smell can sniff out nearby items.
Your experience applies equally to all skills.


Message History

The shadow imp is heavily wounded.
The shadow imp hits you.
You sock the shadow imp!
You kill the shadow imp!
Okawaru accepts your kill.
No target in view!
HP restored.
Found a mace.
An orc comes into view. It is wielding a +0 hand axe of venom.
The orc shouts!
You hear a shout!
You see here a +0 mace.
An orc is nearby!
An orc priest comes into view. It is wielding a +0 dagger.
The orc priest shouts!
The orc priest moves out of view.
An orc warrior comes into view.
It is wielding a +3 dire flail of draining.
The orc warrior shouts!
The orc completely misses you.
You sock the orc!
You kill the orc!
Okawaru accepts your kill.
The orc priest mumbles some strange prayers to Beogh against you.
Beogh smites you!
Things that are here:
a +0 hand axe of venom; a +0 leather armour; an orc corpse You sock the orc warrior!
The orc warrior is moderately wounded.
The orc warrior hits you with a +3 dire flail of draining!
You feel drained.
Aiming: Throw Flame
Press: ? - help, Shift-Dir - straight line, f - orc warrior
Aim: an orc warrior, wielding a +3 dire flail of draining and wearing a +0 chain mail (moderately wounded, 68% to hit)
The puff of flame hits the orc warrior.
The orc warrior is moderately wounded.
The orc priest calls down the wrath of Beogh upon you.
Beogh smites you!
The orc warrior hits you with a +3 dire flail of draining!
* * * LOW HITPOINT WARNING * * *
You feel drained.
You die...

..# #.. ∆ ∆ # #.#
#..###.#######
#............. #.#
#o# #.# #.# #.# #o#
#.# #@# #.# #)#
#######.###.#
#.........#.######
#.#.#####..........
#.#.# ###########
#.#.# #.#.# #.#.##


You could see an orc warrior and an orc priest.

Vanquished Creatures
  A sky beast (D:5)
  An ogre (D:5)
  2 scorpions (D:5)
  A howler monkey (D:4)
  A bullfrog skeleton (D:5)
  A jelly (D:4)
  A hound (D:5)
  A centaur skeleton (D:5)
  An orc wizard (D:5)
  A hound skeleton (D:5)
  7 adders
  A howler monkey skeleton (D:5)
  A shadow imp (D:6)
  2 ufetubi
  A worm (D:5)
  6 dart slugs
  6 orcs
  4 bats
  5 endoplasms
  4 giant cockroaches
  4 hobgoblins
  2 quokkas
  4 ball pythons
  3 frilled lizards
  7 goblins
  8 kobolds
  2 rats
78 creatures vanquished.

Vanquished Creatures (others)
  5 dream sheep (D:5)
  A plant (D:5)
6 creatures vanquished.

Grand Total: 84 creatures vanquished

Notes
Turn   | Place    | Note
-------+----------+-------------------------------------------
     0 | D:1      | DearestLeader the Gnoll Wanderer began the quest for the
                  | Orb.
     0 | D:1      | DearestLeader set off with the following items: a +2
                  | quarterstaff, a +0 short sword, a potion of lignification,
                  | a +0 robe
     0 | D:1      | Reached XP level 1. HP: 20/20 MP: 1/1
   292 | D:1      | Reached XP level 2. HP: 24/26 MP: 2/2
  1151 | D:2      | Reached XP level 3. HP: 27/31 MP: 3/3
  1472 | D:2      | Reached skill level 1 in Invocations
  1545 | D:2      | Reached skill level 1 in Short Blades
  1545 | D:2      | Reached skill level 1 in Long Blades
  1545 | D:2      | Reached skill level 1 in Axes
  1545 | D:2      | Reached skill level 1 in Maces & Flails
  1545 | D:2      | Reached skill level 1 in Polearms
  1545 | D:2      | Reached skill level 1 in Slings
  1545 | D:2      | Reached skill level 1 in Crossbows
  1545 | D:2      | Reached skill level 1 in Dodging
  1545 | D:2      | Reached skill level 1 in Unarmed Combat
  1545 | D:2      | Reached skill level 1 in Spellcasting
  1545 | D:2      | Reached skill level 1 in Evocations
  1635 | D:2      | Reached XP level 4. HP: 35/38 MP: 5/5
  2340 | D:3      | Reached skill level 1 in Conjurations
  2340 | D:3      | Reached skill level 1 in Hexes
  2340 | D:3      | Reached skill level 1 in Summonings
  2340 | D:3      | Reached skill level 1 in Necromancy
  2340 | D:3      | Reached skill level 1 in Translocations
  2340 | D:3      | Reached skill level 1 in Transmutations
  2340 | D:3      | Reached skill level 1 in Fire Magic
  2340 | D:3      | Reached skill level 1 in Ice Magic
  2340 | D:3      | Reached skill level 1 in Air Magic
  2340 | D:3      | Reached skill level 1 in Earth Magic
  2340 | D:3      | Reached skill level 1 in Poison Magic
  2605 | D:4      | Reached XP level 5. HP: 42/43 MP: 5/7
  3349 | D:5      | Entered Level 5 of the Dungeon
  3364 | D:5      | Reached XP level 6. HP: 37/50 MP: 8/8
  3566 | D:5      | Noticed a sky beast
  3574 | D:5      | Killed a sky beast
  3575 | D:5      | Reached skill level 5 in Fighting
  3917 | D:5      | Reached XP level 7. HP: 38/56 MP: 10/10
  4041 | D:5      | Found a staircase to the Ecumenical Temple.
  4050 | Temple   | Entered the Ecumenical Temple
  4057 | Temple   | Became a worshipper of Warmaster Okawaru
  4423 | D:5      | Reached skill level 7 in Staves
  4808 | D:5      | Noticed a dream sheep
  4808 | D:5      | Noticed a dream sheep
  4808 | D:5      | Noticed a dream sheep
  4808 | D:5      | Noticed a dream sheep
  4808 | D:5      | Noticed a dream sheep
  4808 | D:5      | Found a shimmering altar of Xom.
  4812 | D:5      | Killed a dream sheep
  4812 | D:5      | Killed a dream sheep
  4812 | D:5      | Killed a dream sheep
  4812 | D:5      | Killed a dream sheep
  4814 | D:5      | Killed a dream sheep
  4950 | D:6      | Slain by an orc warrior

Illustrated notes

Levels and vault maps discovered:
D:1:      amcnicky_arrival_wind_blow, layout_loops_ring,
          chequers_serial_rivers_large_a
D:2:      layout_rooms
D:3:      layout_loops_ring
D:4:      layout_basic
D:5:      layout_basic, kb_xom_exploding_sheep,
          minmay_temple_entry_gardened_gates
D:6:      layout_loops_ring
Temple:   regret_index_temple_sigil_plot

Skill      XL: |  1  2  3  4  5  6  7 |
---------------+----------------------+-----
Invocations    | 1 2 |  2.8
Short Blades   | 1 2 |  2.5
Long Blades    | 1 2 |  2.5
Axes           | 1 2 |  2.5
Maces & Flails | 1 2 |  2.5
Polearms       | 1 2 |  2.5
Slings         | 1 2 |  2.5
Crossbows      | 1 2 |  2.5
Dodging        | 1 2 |  2.5
Unarmed Combat | 1 2 |  2.5
Spellcasting   | 1 2 |  2.5
Evocations     | 1 2 |  2.5
Conjurations   | 1 2 |  2.1
Hexes          | 1 2 |  2.1
Summonings     | 1 2 |  2.1
Necromancy     | 1 2 |  2.1
Translocations | 1 2 |  2.1
Transmutations | 1 2 |  2.1
Fire Magic     | 1 2 |  2.1
Ice Magic      | 1 2 |  2.1
Air Magic      | 1 2 |  2.1
Earth Magic    | 1 2 |  2.1
Poison Magic   | 1 2 |  2.1
Bows           | 3 |  3.7
Throwing       | 3 |  3.7
Armour         | 3 |  3.7
Shields        | 3 |  3.7
Stealth        | 3 |  3.5
Fighting       | 5 |  5.3
Staves         | 7 |  7.1

Action                   |  1- 3 |  4- 6 |  7- 9 || total
-------------------------+-------+-------+-------++-------
Melee: Quarterstaff      |    87 |   124 |    50 ||   261
       Bite              |    10 |     7 |     2 ||    19
Evoke: Wand              |       |       |     1 ||     1
 Stab: Sleeping          |     5 |       |       ||     5
Armor: Robe              |     8 |       |       ||     8
       Ring mail         |     1 |       |       ||     1
       Scale mail        |    12 |    64 |    16 ||    92
Dodge: Dodged            |    34 |    67 |    21 ||   122
